 Dungeon Crawl Stone Soup version 0.25.0-9-g26727b657a (webtiles) character file.

Game seed: 2625749815906873474

187079 Froggeryz the Warrior (level 18, -39/131 HPs)
             Began as a Gargoyle Berserker on June 17, 2020.
             Was the Champion of Trog.
             Killed from afar by a lich (85 damage)
             ... with a crystal spear
             ... on level 1 of the Abyss.
             The game lasted 01:11:17 (26215 turns).

Froggeryz the Warrior (Gargoyle Berserker)         Turns: 26215, Time: 01:11:18

Health: -39/131    AC: 41    Str: 30    XL:     18   Next: 50%
Magic:  18/18      EV: 13    Int:  9    God:    Trog [******]
Gold:   2196       SH: 10    Dex: 13    Spells: 17/17 levels left

rFire    . . .     SeeInvis +   P - +1 eveningstar "Eviscerator" {vorpal, rPois Dex+3}
rCold    . . .     Gourm    .   k - +3 warlock's mirror {reflect}
rNeg     + + .     Faith    .   S - +1 chain mail {rN+}
rPois    ∞         Spirit   .   p - +0 helmet
rElec    +         Reflect  +   y - +1 cloak {rPois}
rCorr    .         Harm     .   B - +0 pair of gloves
MR       ++...                  e - +2 pair of boots
Stlth    ..........             m - amulet "Amolof" {MR+ Regen+ Str+3}
HPRegen  0.71/turn              s - +4 ring of protection
MPRegen  0.16/turn              O - ring of see invisible

@: flying
A: big wings, negative energy resistance 1, electricity resistance, unbreathing,
petrification resistance, rot immunity, AC +13
a: Stop Flying, Berserk, Trog's Hand, Brothers in Arms, Renounce Religion


You were on level 1 of the Abyss.
You worshipped Trog.
Trog was exalted by your worship.
You were not hungry.

You visited 3 branches of the dungeon, and saw 21 of its levels.
You visited the Abyss 1 time.
You also visited: Bailey.

You collected 2555 gold pieces.
You spent 359 gold pieces at shops.

Inventory:

Hand Weapons
 t - a +4 vampiric demon whip
 E - a +4 vorpal morningstar
 I - a +2 morningstar of holy wrath
 P - the +1 eveningstar "Eviscerator" (weapon) {vorpal, rPois Dex+3}
   (Trog gifted it to you on level 14 of the Dungeon)

   It inflicts extra damage upon your enemies.
   It affects your dexterity (+3).
   It protects you from poison.
Armour
 e - a +2 pair of boots (worn)
 k - the +3 warlock's mirror (worn) {reflect}
   (You found it on level 14 of the Dungeon)
 p - a +0 helmet (worn)
 y - a +1 cloak of poison resistance (worn)
 B - a +0 pair of gloves (worn)
 S - a +1 chain mail of positive energy (worn)
 T - a +0 tower shield
Jewellery
 f - a +6 ring of strength
 m - the amulet "Amolof" (around neck) {MR+ Regen+ Str+3}
   (You acquired it on level 1 of the Depths)

   [amulet of regeneration]

   It affects your strength (+3).
   It affects your resistance to hostile enchantments.
   It increases your rate of regeneration.
 s - a +4 ring of protection (left hand)
 D - the ring "Hesul" {rN+ Int+6}
   (You found it on level 3 of the Depths)

   [ring of intelligence]

   It affects your intelligence (+6).
   It protects you from negative energy.
 K - an uncursed ring of resist corrosion
 O - a ring of see invisible (right hand)
 U - a cursed ring of teleportation {unknown}
Wands
 a - a wand of paralysis (2)
 w - a wand of flame (34)
 F - a wand of iceblast (13)
 J - a wand of acid (19)
 M - a wand of polymorph (14)
 N - a wand of disintegration (55)
Scrolls
 d - a scroll of blinking
 j - 2 scrolls of identify
 n - 3 scrolls of fog
 q - 2 scrolls of fear
 r - 8 scrolls of enchant armour
 x - 12 scrolls of teleportation
 z - 3 scrolls of noise
 A - 2 scrolls of magic mapping
 G - 4 scrolls of remove curse
 R - 2 scrolls of vulnerability
Potions
 b - 7 potions of heal wounds
 h - 6 potions of stabbing
 i - 3 potions of berserk rage
 l - 6 potions of haste
 o - 2 potions of ambrosia
 u - 2 potions of lignification
 v - 14 potions of curing
 C - 3 potions of resistance
 H - a potion of might
 L - 3 potions of invisibility
 Q - a potion of cancellation
Comestibles
 c - 34 rations
 g - a chunk of flesh


   Skills:
 - Level 20.5 Fighting
 - Level 16.1 Maces & Flails
 + Level 14.3 Armour
 + Level 8.1 Dodging
 + Level 13.8 Shields


You had 17 spell levels left.
You didn't know any spells.
Your spell library was empty.

Dungeon Overview and Level Annotations

Branches:
Dungeon (15/15)            Temple (1/1) D:6            Lair (0/6) D:8
    Orc (0/2) D:9          Vaults (0/5) D:14         Depths (5/5) D:15
 Bailey (visited)
    Zot: Depths:5

Altars:
Ashenzari
Dithmenos
Elyvilon
Fedhas
Gozag
Kikubaaqudgha
Makhleb
Qazlal
Sif Muna
Trog
Uskayaw
Vehumet
Wu Jian
Xom
The Shining One

Shops:
D:10 (*?   D:12 *   D:14 *   Depths:2 (

Portals:
Hell: Depths:2 Depths:3 Depths:4 Depths:5
Abyss: Depths:2 Depths:3 Depths:4
Pandemonium: Depths:3

Annotations:
D:3 2 transporters
Depths:1 2 exclusions


Innate Abilities, Weirdness & Mutations

You are resistant to torment.
Your stone body is resilient. (AC +13)
You are immune to poison.
Your large and strong wings let you fly indefinitely.
You resist negative energy. (rN+)
You are resistant to electric shocks. (rElec)
You can survive without breathing.
You are immune to petrification.
You are immune to rotting.


Message History

You now have 2196 gold pieces (gained 51).
A lich comes into view.
The lich shouts!
A lich is nearby!
A lich is nearby!
The lich gestures at you while chanting.
The crystal spear hits you!!!
Ouch! That really hurt!
You are too injured to fight recklessly!
Okay, then.
You hit the lich but do no damage.
The lich touches you but does no damage.
You bludgeon the lich!!
The lich is moderately damaged.
You bludgeon the lich!!
The lich is heavily damaged.
The lich gestures at you while chanting.
The crystal spear hits you!!!!
Ouch! That really hurt!
You die...

. .
#.....##.#....# #
##.# . .......
####.###.#.#.#...
#.. ........#
#...##..##..#
#.##.###..#.## .
#......#.. #.
#....##.##
###@..#
#.....L.##.#
.##..#..# #
#..#...#. .# .##.
# #. #. # ##


You could see a lich.

Vanquished Creatures
  2 bone dragons (Abyss:1)
  Rupert (D:13)
  2 liches (Depths:2)
  Frances (D:12)
  8 tentacled starspawn (Abyss:1)
  A storm dragon (D:9)
  A tengu reaver (Depths:3)
  A fire giant (Depths:3)
  2 frost giants (Depths:3)
  A balrug (Depths:1)
  A draconian shifter (Abyss:1)
  Louise (D:14)
  A spriggan defender (Depths:4)
  3 very ugly things
  6 stone giants
  A vampire knight (Depths:4)
  7 spark wasps
  A dire elephant (D:15)
  5 ettins
  A fire dragon (Depths:4)
  2 yaktaur captains (Depths:2)
  6 ice dragons
  3 hydras
  A great orb of eyes (Abyss:1)
  2 catoblepae
  3 rakshasas
  A spriggan air mage (Depths:2)
  A death knight (D:15)
  A hell beast (Depths:4)
  3 starcursed masses (Abyss:1)
  2 death yaks (D:8)
  A dancing weapon (Abyss:1)
  A vampire mage (Abyss:1)
  3 deep troll shamans (Depths:1)
  4 centaur warriors
  3 deep troll earth magi
  A spriggan berserker (Depths:2)
  The ghost of Delamore the Bludgeoner, a journeyman GrFi of Okawaru (D:10)
  18 two-headed ogres
  2 ogre magi
  3 tengu warriors
  A shock serpent (shapeshifter) (Depths:2)
  Urug (D:13)
  4 hell knights (Depths:4)
  2 thrashing horrors (Abyss:1)
  The ghost of mora the Skirmisher, a novice GrBe of Trog (D:8)
  Nergalle (D:12)
  3 wretched stars (Abyss:1)
  4 skeletal warriors (D:13)
  4 iron trolls
  2 sixfirhies (Abyss:1)
  A salamander mystic (Depths:4)
  12 deep trolls
  A glowing orange brain (Depths:3)
  2 flayed ghosts
  2 unseen horrors (D:14)
  A golden dragon skeleton (Abyss:1)
  A spatial maelstrom (Abyss:1)
  16 wizards
  A phantasmal warrior (D:15)
  A shadow dragon zombie (Abyss:1)
  A harpy (shapeshifter) (Depths:1)
  An orb spider (shapeshifter) (D:14)
  3 deep elf magi
  4 necromancers
  5 cyclopes
  A manticore (shapeshifter) (Abyss:1)
  22 ugly things
  A salamander (D:15)
  A shining eye (shapeshifter) (Depths:4)
  A worldbinder (Abyss:1)
  3 centaur zombies
  6 manticores
  An elephant (shapeshifter) (D:14)
  Maurice (D:11)
  A fire giant skeleton (Abyss:1)
  4 smoke demons (Abyss:1)
  3 apocalypse crabs (Abyss:1)
  2 rust devils (Abyss:1)
  3 orange demons (Abyss:1)
  A gargoyle (D:12)
  Psyche (D:12)
  2 centaur skeletons
  3 efreet (Depths:3)
  2 hellwings (Abyss:1)
  5 kobold demonologists
  19 yaktaurs
  An elf zombie (Depths:4)
  A yaktaur (shapeshifter) (D:14)
  5 ancient zymes (Abyss:1)
  2 komodo dragons
  A red devil (Depths:4)
  An ice devil (Depths:3)
  3 freezing wraiths
  A merfolk (shapeshifter) (Depths:1)
  A silent spectre (Abyss:1)
  A tengu conjurer (D:15)
  A jumping spider (shapeshifter) (D:14)
  A meliai (shapeshifter) (D:14)
  8 trolls
  2 polar bears (D:8)
  4 hornets
  7 hippogriffs
  A blink frog (shapeshifter) (Abyss:1)
  A meliai zombie (D:11)
  An ice dragon zombie (Abyss:1)
  18 slime creatures
  10 raiju (Abyss:1)
  5 flying skulls (Abyss:1)
  Sigmund (D:3)
  A fire dragon skeleton (Abyss:1)
  A spriggan (Depths:3)
  A human (shapeshifter) (Depths:3)
  4 ynoxinuls (Abyss:1)
  13 large abominations (Abyss:1)
  7 wraiths
  18 yaks
  2 wyverns
  2 basilisks
  2 shadows
  4 fire bats (Abyss:1)
  2 fire elementals (Depths:2)
  A hog (D:8)
  10 small abominations (Abyss:1)
  3 neqoxecs (Abyss:1)
  A steam dragon (D:11)
  3 hungry ghosts
  A warg (shapeshifter) (Depths:1)
  A spatial vortex (Abyss:1)
  A warg (D:9)
  2 acid dragons
  A soldier ant (D:9)
  2 water moccasins
  A floating eye (Depths:2)
  3 sky beasts
  13 orc warriors
  6 black bears (D:8)
  4 eyes of draining
  A phantom (D:7)
  4 ice beasts
  7 ogres
  4 boggarts
  3 ettin simulacra (Depths:3)
  11 centaurs
  3 crocodiles
  A necrophage (D:13)
  4 big kobolds
  A gnoll sergeant (D:10)
  11 bullfrogs
  A wyvern zombie (D:14)
  2 earth elementals (D:12)
  A glowing shapeshifter simulacrum (Depths:4)
  2 wyvern skeletons
  A water moccasin zombie (D:7)
  3 scorpions
  A troll zombie (D:10)
  13 killer bees
  A snapping turtle simulacrum (Abyss:1)
  19 wights
  4 howler monkeys
  7 crimson imps
  A bullfrog zombie (D:11)
  A quasit (D:8)
  4 hounds
  Crazy Yiuf (D:3)
  3 human zombies (D:10)
  8 orc priests
  3 bullfrog skeletons
  Jessica (D:3)
  3 human skeletons (D:10)
  2 iguanas (D:8)
  14 orc wizards
  15 worker ants
  A killer bee zombie (D:9)
  A bullfrog simulacrum (D:13)
  A hound skeleton (D:10)
  2 mummies (D:10)
  2 worker ant zombies
  A howler monkey zombie (D:6)
  Robin (D:2)
  6 adders
  11 gnolls
  3 shadow imps
  A white imp (Abyss:1)
  An ufetubus (Abyss:1)
  An ooze (D:1)
  2 adder zombies (D:6)
  2 worms
  10 dart slugs
  6 leopard geckos
  65 orcs
  3 ball pythons
  A bat (D:1)
  6 giant cockroaches
  13 goblins
  13 hobgoblins
  20 jackals
  7 quokkas
  6 frilled lizards
  16 kobolds
  An orc zombie (D:10)
  A quokka skeleton (D:9)
  8 rats
  3 starspawn tentacles (Abyss:1)
830 creatures vanquished.

Vanquished Creatures (others)
  3 orc wizards
  An orc (D:14)
  A kobold (D:14)
  20 starspawn tentacles (Abyss:1)
25 creatures vanquished.

Grand Total: 855 creatures vanquished

Notes
Turn   | Place    | Note
-------+----------+-------------------------------------------
     0 | D:1      | Froggeryz the Gargoyle Berserker began the quest for the
                  | Orb.
     0 | D:1      | Reached XP level 1. HP: 14/14 MP: 1/1
   127 | D:1      | Reached XP level 2. HP: 19/19 MP: 2/2
   284 | D:1      | Reached XP level 3. HP: 23/23 MP: 3/3
   774 | D:2      | Reached ** piety under Trog
  1132 | D:2      | Noticed Robin
  1143 | D:2      | Killed Robin
  1143 | D:2      | Reached XP level 4. HP: 21/28 MP: 2/4
  1383 | D:2      | Reached skill level 5 in Maces & Flails
  1477 | D:3      | Found a transporter.
  1534 | D:3      | Found a radiant altar of Vehumet.
  1645 | D:3      | Found a burning altar of Makhleb.
  1645 | D:3      | Noticed Jessica
  1653 | D:3      | Killed Jessica
  1653 | D:3      | Reached XP level 5. HP: 22/32 MP: 5/5
  1663 | D:3      | Found a white marble altar of Elyvilon.
  1677 | D:3      | Found a shimmering blue altar of Sif Muna.
  1813 | D:3      | Found a shadowy altar of Dithmenos.
  1847 | D:3      | Found a transporter.
  1918 | D:3      | Noticed Sigmund
  1989 | D:3      | Killed Sigmund
  1989 | D:3      | Reached XP level 6. HP: 37/37 MP: 4/6
  2134 | D:3      | Found a bloodstained altar of Trog.
  2246 | D:3      | Found a runed translucent door.
  2247 | D:3      | Noticed Crazy Yiuf
  2264 | D:3      | Killed Crazy Yiuf
  2615 | D:4      | Reached *** piety under Trog
  2615 | D:4      | Reached XP level 7. HP: 24/41 MP: 5/7
  2707 | D:4      | Found a shimmering altar of Xom.
  3373 | D:5      | Entered Level 5 of the Dungeon
  3646 | D:5      | Reached skill level 4 in Fighting
  3907 | D:5      | Reached XP level 8. HP: 48/48 MP: 8/8
  4195 | D:6      | Found a glowing golden altar of the Shining One.
  4257 | D:6      | Found a staircase to the Ecumenical Temple.
  4313 | D:6      | Reached **** piety under Trog
  4515 | D:6      | Reached skill level 1 in Shields
  4855 | D:6      | Reached skill level 5 in Fighting
  4926 | Temple   | Entered the Ecumenical Temple
  5255 | D:7      | Reached skill level 10 in Maces & Flails
  5255 | D:7      | Reached XP level 9. HP: 54/54 MP: 9/9
  5317 | D:7      | Found an ornate altar of the Wu Jian Council.
  5321 | D:7      | Found a hide-covered altar of Uskayaw.
  5694 | D:8      | Reached skill level 6 in Fighting
  5694 | D:8      | Reached skill level 5 in Shields
  5762 | D:8      | Found a huge runed translucent gate.
  5763 | D:8      | Found a huge runed translucent gate.
  5764 | D:8      | Found a huge runed translucent gate.
  5764 | D:8      | Noticed a polar bear
  5767 | D:8      | Noticed a death yak
  5769 | D:8      | Noticed a polar bear
  5770 | D:8      | Found a huge runed translucent gate.
  5772 | D:8      | Noticed a death yak
  5772 | D:8      | Noticed a polar bear
  5894 | D:8      | Reached ***** piety under Trog
  6330 | D:8      | Reached XP level 10. HP: 44/61 MP: 5/10
  6398 | D:8      | Found a staircase to the Lair.
  6620 | D:8      | Found a blossoming altar of Fedhas.
  6622 | D:8      | Found an ancient bone altar of Kikubaaqudgha.
  6664 | D:8      | Found a large runed translucent door.
  6665 | D:8      | Found a large runed translucent door.
  6665 | D:8      | Noticed mora's ghost (novice GrBe)
  6693 | D:8      | Killed mora's ghost
  6693 | D:8      | Reached skill level 7 in Fighting
  6761 | D:8      | Found a stormy altar of Qazlal.
  7062 | D:9      | Found a staircase to the Orcish Mines.
  7440 | D:9      | Noticed a two-headed ogre
  7449 | D:9      | Killed a two-headed ogre
  7483 | D:9      | Reached skill level 8 in Fighting
  8042 | D:9      | Reached skill level 5 in Armour
  8141 | D:9      | Reached XP level 11. HP: 57/69 MP: 9/11
  8290 | D:9      | Found a shimmering blue altar of Sif Muna.
  8324 | D:9      | Noticed a storm dragon
  8324 | D:9      | Noticed a deep elf mage
  8324 | D:9      | Noticed an ice dragon
  8337 | D:10     | Entered Level 10 of the Dungeon
  8380 | D:10     | Got a glittering iron amulet
  8411 | D:10     | Found a runed translucent gate.
  8412 | D:10     | Found a runed translucent gate.
  8412 | D:10     | Found a runed translucent gate.
  8542 | D:10     | Noticed a two-headed ogre
  8551 | D:10     | Killed a two-headed ogre
  8560 | D:10     | Reached skill level 9 in Fighting
  8738 | D:10     | Found an opulent altar of Gozag.
  8742 | D:10     | Found Wagon's General Store.
  8759 | D:10     | Found Giats's Antique Weapon Emporium.
  8785 | D:10     | Bought a runed morningstar for 238 gold pieces
  8900 | D:10     | Identified the amulet "Zetobuti" {RegenMP Fragile +Inv
                  | SInv} (You found it on level 10 of the Dungeon)
  8997 | D:10     | Found Sanucviw's Magic Scroll Boutique.
  9005 | D:10     | Bought a scroll of noise for 13 gold pieces
  9005 | D:10     | Bought 2 scrolls of teleportation for 78 gold pieces
  9403 | D:10     | Found an ancient bone altar of Kikubaaqudgha.
  9420 | D:10     | Reached ****** piety under Trog
  9493 | D:10     | Noticed Delamore's ghost (journeyman GrFi)
  9494 | D:10     | Noticed a two-headed ogre
  9651 | D:11     | Noticed a two-headed ogre
  9651 | D:11     | Noticed a two-headed ogre
  9660 | D:11     | Killed a two-headed ogre
  9667 | D:11     | Killed a two-headed ogre
  9692 | D:11     | Noticed Maurice
  9739 | D:11     | Received a gift from Trog
  9760 | D:11     | Killed Maurice
  9760 | D:11     | Reached XP level 12. HP: 26/77 MP: 7/12
  9881 | D:11     | Found a flagged portal.
  9890 | Bailey   | Entered a bailey
 10065 | Bailey   | Found an iron altar of Okawaru.
 10075 | Bailey   | Reached skill level 10 in Fighting
 10236 | D:11     | Found a stormy altar of Qazlal.
 10249 | D:11     | Noticed a four-headed hydra
 10291 | D:11     | Noticed a tengu warrior
 10307 | D:11     | Killed a tengu warrior
 10390 | D:11     | Killed a four-headed hydra
 10407 | D:11     | Identified the Almanac of Incorporation
 10410 | D:11     | Got a twitching lead amulet
 10415 | D:11     | Identified the amulet "Licwynnu" {Inacc Str+7 Dex-4} (You
                  | found it on level 11 of the Dungeon)
 11021 | D:12     | Noticed Psyche
 11023 | D:12     | Killed Psyche
 11051 | D:12     | Noticed Frances
 11072 | D:12     | Noticed a soul eater
 11139 | D:12     | Killed Frances
 11139 | D:12     | Reached skill level 11 in Fighting
 11139 | D:12     | Reached skill level 15 in Maces & Flails
 11584 | D:12     | Noticed a two-headed ogre
 11594 | D:12     | Killed a two-headed ogre
 11666 | D:12     | Noticed Nergalle
 11678 | D:12     | Killed Nergalle
 11678 | D:12     | Reached XP level 13. HP: 76/84 MP: 11/13
 11831 | D:12     | Found Amotu's Pet Rocks.
 11838 | D:12     | Received a gift from Trog
 12109 | D:13     | Noticed Urug
 12235 | D:13     | Killed Urug
 12422 | D:13     | Reached skill level 10 in Armour
 12584 | D:13     | Reached skill level 12 in Fighting
 13770 | D:14     | Noticed Louise
 13840 | D:13     | Gained mutation: Your large and strong wings let you fly
                  | indefinitely. [Gargoyle growth]
 13840 | D:13     | Reached XP level 14. HP: 90/92 MP: 14/14
 13897 | D:14     | Noticed Rupert
 13909 | D:14     | Received a gift from Trog
 13939 | D:13     | Killed Rupert
 13939 | D:13     | Reached skill level 13 in Fighting
 13996 | D:14     | Got a transparent eveningstar {god gift}
 13999 | D:14     | Identified the +1 eveningstar "Eviscerator" {vorpal, rPois
                  | Dex+3} (Trog gifted it to you on level 14 of the Dungeon)
 14031 | D:14     | Found the +3 warlock's mirror {reflect}
 14145 | D:14     | Killed Louise
 14198 | D:14     | Reached skill level 5 in Dodging
 14374 | D:14     | Found a radiant altar of Vehumet.
 14383 | D:14     | Found Xunkuoq's General Store.
 14391 | D:14     | Bought a potion of curing for 30 gold pieces
 14567 | D:14     | Found a gate to the Vaults.
 14778 | D:14     | Received a gift from Trog
 14781 | D:14     | Reached skill level 14 in Fighting
 15235 | D:15     | Entered Level 15 of the Dungeon
 15281 | D:15     | Reached XP level 15. HP: 84/100 MP: 13/15
 15596 | D:15     | Found a shattered altar of Ashenzari.
 16227 | D:15     | Found a staircase to the Depths.
 16865 | D:8      | Received a gift from Trog
 16937 | D:10     | Killed Delamore's ghost
 17195 | D:9      | Killed a storm dragon
 17195 | D:9      | Reached skill level 15 in Fighting
 17508 | Depths:1 | Entered Level 1 of the Depths
 18491 | Depths:1 | Identified a scroll of acquirement
 18493 | Depths:1 | Got the amulet "Amolof" {MR+ Regen+ Str+3}
 18534 | Depths:1 | Reached XP level 16. HP: 63/110 MP: 16/16
 18797 | Depths:1 | Reached skill level 16 in Fighting
 18980 | Depths:1 | Found a blossoming altar of Fedhas.
 19372 | Depths:1 | Found a shimmering altar of Xom.
 19705 | Depths:2 | Found Rigyhameu's Antique Weapon Emporium.
 19791 | Depths:2 | Paralysed by a floating eye for 3 turns
 19908 | Depths:2 | Reached skill level 17 in Fighting
 19979 | Depths:2 | Found a gateway to Hell.
 20001 | Depths:2 | Reached skill level 10 in Shields
 20607 | Depths:2 | Received a gift from Trog
 20692 | Depths:2 | Found a one-way gate to the infinite horrors of the Abyss.
 20892 | Depths:1 | HP: 7/168 [spark wasp (4)]
 21209 | Depths:2 | Noticed a lich
 21209 | Depths:2 | Noticed a lich
 21215 | Depths:2 | Killed a lich
 21217 | Depths:2 | Killed a lich
 21558 | Depths:2 | Reached skill level 18 in Fighting
 21776 | Depths:3 | Reached XP level 17. HP: 119/119 MP: 17/17
 22492 | Depths:3 | Got a clouded bone ring
 22506 | Depths:3 | Found a one-way gate leading to the halls of Pandemonium.
 23030 | Depths:5 | Entered Level 5 of the Depths
 23030 | Depths:5 | Noticed a juggernaut
 23554 | Depths:4 | Reached skill level 19 in Fighting
 23566 | Depths:4 | Received a gift from Trog
 24646 | Depths:5 | Noticed a lich
 24822 | Depths:4 | Identified the ring "Hesul" {rN+ Int+6} (You found it on
                  | level 3 of the Depths)
 24829 | Depths:4 | Voluntarily entered the Abyss.
 24902 | Abyss:1  | Found a roughly hewn altar of Beogh.
 24955 | Abyss:1  | Noticed a tentacled starspawn
 24962 | Abyss:1  | Killed a tentacled starspawn
 25068 | Abyss:1  | Noticed a tentacled starspawn
 25088 | Abyss:1  | Killed a tentacled starspawn
 25143 | Abyss:1  | Noticed a tentacled starspawn
 25157 | Abyss:1  | Killed a tentacled starspawn
 25369 | Abyss:1  | Found a corrupted altar of Lugonu.
 25371 | Abyss:1  | Noticed a tentacled starspawn
 25374 | Abyss:1  | Noticed a tentacled starspawn
 25377 | Abyss:1  | Killed a tentacled starspawn
 25459 | Abyss:1  | Noticed a bone dragon
 25466 | Abyss:1  | Reached skill level 20 in Fighting
 25480 | Abyss:1  | Killed a bone dragon
 25480 | Abyss:1  | Received a gift from Trog
 25480 | Abyss:1  | Reached XP level 18. HP: 128/129 MP: 18/18
 25967 | Abyss:1  | Noticed a bone dragon
 25990 | Abyss:1  | Killed a bone dragon
 26051 | Abyss:1  | Received a gift from Trog
 26211 | Abyss:1  | Noticed a lich
 26215 | Abyss:1  | Killed from afar by a lich

Illustrated notes

Levels and vault maps discovered:
D:1:      dpeg_arrival_arbitrary_b, layout_basic
D:2:      layout_basic, first_ration, grunt_decor_clamped, uniq_robin
D:3:      gammafunk_steamed_eel, layout_rooms, marbit_many_paths, bloody_trog,
          grunt_temple_overflow_cloverleaf, uniq_sigmund, uniq_jessica,
          uniq_crazy_yiuf_cottage
D:4:      kennysheep_slugbush, layout_basic, old_standard_altar
D:5:      layout_loops_cross, kennysheep_nondescript
D:6:      layout_loops_ring, minmay_temple_entry_ruins, lemuel_altar_in_water2
D:7:      layout_cave_pools, nicolae_overflow_hidden_temple
D:8:      lemuel_bear_cage, layout_basic,
          grunt_temple_overflow_growth_and_decay,
          nicolae_qazlal_general_emergency, erik_lair_dragon,
          ebering_ghost_disaster_area
D:9:      layout_irregular_city, erik_orc_3, hangedman_pestilent_swarm,
          minivault_25_ag, kennysheep_flooded_box
D:10:     layout_stronghold, serial_shops, shop, shop, nicolae_shop_waterfront,
          ebering_ghost_gozag, lemuel_mausoleum_altar_kikubaaqudgha
D:11:     hangedman_cross_cluster, layout_rooms, enter_bailey_2, uniq_maurice
D:12:     layout_loops_ring, guppyfry_shop_earth, uniq_psyche, uniq_frances,
          uniq_nergalle
D:13:     layout_long_grid, uniq_urug
D:14:     minmay_smoke_and_mirrors, layout_basic, david_vaults_2, serial_shops,
          shop_fountains, basic_altar, minivault_25, minmay_librarian,
          uniq_louise, uniq_rupert
D:15:     hangedman_depths_entry_try_elsewhere_first, layout_gridville,
          ashenzari_altar_1
Temple:   cyrus_temple_forest
Depths:1: layout_basic, old_standard_altar, hellmouth_1, xom_teletrap_fun,
          grunt_megastairs_4, serial_bayou_shore_b
Depths:2: cheibrodos_lost_city_excavation, layout_cave_shapes,
          pf_vacation_house_of_asmodeus, hangedman_decor_points, serial_shops,
          nicolae_shop_stone, abyss_entry
Depths:3: hangedman_elemental_death_ray, layout_gridville,
          hangedman_glass_teeth, abyss_entry, hangedman_coc_ice_floe, pan_entry
Depths:4: minmay_curly_fans, layout_gridlike, grunt_mini_vestibule, abyss_entry,
          lemuel_flame_loot_1, infiniplex_staircase_pool_1
Depths:5: grunt_zot_entry_bicorn, layout_cave_pools, enter_ziggurat_a,
          patterned_corridor, hell_entry, lightli_gold_pyramid
Abyss:1:  base: D:3, serial_sigils_hangedman_quiver

Skill      XL: |  1  2  3  4  5  6  7  8  9 10 11 12 13 14 15 16 17 18 |
---------------+-------------------------------------------------------+-----
Maces & Flails | 4 5 6 7 8 10 11 12 13 15 16 | 16.1
Fighting       | 4 5 6 8 9 11 12 14 15 18 20 | 20.5
Shields        | 4 6 7 8 11 13 | 13.8
Armour         | 5 7 9 11 12 14 | 14.3
Dodging        | 3 6 7 8 |  8.1

Action                   |  1- 3 |  4- 6 |  7- 9 | 10-12 | 13-15 | 16-18 || total
-------------------------+-------+-------+-------+-------+-------+-------++-------
Melee: Mace              |   127 |   169 |   113 |       |       |       ||   409
       Flail             |       |       |   490 |    18 |       |       ||   508
       Morningstar       |       |       |       |   784 |   365 |     5 ||  1154
       Eveningstar       |       |       |       |       |   634 |   936 ||  1570
       Demon whip        |       |       |       |       |       |   396 ||   396
Invok: Berserk           |       |     2 |     3 |    11 |     8 |     9 ||    33
       Trog's Hand       |       |       |       |       |     3 |     6 ||     9
 Abil: Evoke Flight      |       |       |       |     1 |       |       ||     1
       Fly               |       |       |       |       |     1 |     2 ||     3
       Stop Flying       |       |       |       |       |       |     2 ||     2
Evoke: Wand              |       |       |       |    11 |     3 |     6 ||    20
  Use: Scroll            |       |     6 |     9 |     4 |    16 |     8 ||    43
       Potion            |       |       |       |     1 |       |       ||     1
 Stab: Sleeping          |     1 |       |       |       |       |       ||     1
       Paralysed         |       |       |       |     4 |       |       ||     4
       Petrified         |       |       |       |       |     8 |     2 ||    10
       Petrifying        |       |       |       |       |     4 |     1 ||     5
  Eat: Chunk             |     1 |     6 |    15 |    31 |    29 |    21 ||   103
       Ration            |       |       |       |       |     2 |     4 ||     6
Armor: Animal skin       |    39 |       |       |       |       |       ||    39
       Leather armour    |    41 |   123 |    30 |       |       |       ||   194
       Ring mail         |       |       |   265 |     4 |       |       ||   269
       Scale mail        |       |       |       |   467 |   126 |       ||   593
       Chain mail        |       |       |       |       |   314 |   640 ||   954
Dodge: Dodged            |    93 |   104 |   341 |   292 |   319 |   478 ||  1627
Block: Buckler           |       |       |       |   220 |   280 |   506 ||  1006
       Reflection        |       |       |       |       |    23 |    45 ||    68
